 Dungeon Crawl Stone Soup version 0.23-a0-32-g1388f29 (webtiles) character file.

298939 Gorice the Eclecticist (level 20, -13/122 HPs)
             Began as a Deep Elf Fire Elementalist on Aug 1, 2018.
             Was the Champion of Vehumet.
             Shot with a bolt by a yaktaur captain (43 damage)
             ... on level 3 of the Vaults on Aug 4, 2018.
             The game lasted 05:57:38 (56867 turns).

Gorice the Eclecticist (DEFE)                      Turns: 56867, Time: 05:57:39

Health: -13/122    AC: 14    Str:  5    XL:     20   Next: 13%
Magic:  42/45      EV: 20    Int: 33    God:    Vehumet [******]
Gold:   2338       SH:  7    Dex: 15    Spells: 20/58 levels left

rFire    . . .     SeeInvis .   b - staff of conjuration
rCold    . . .     Gourm    .   S - +2 buckler
rNeg     . . .     Faith    .   D - +1 robe {MR+}
rPois    .         Spirit   .   s - +1 helmet
rElec    .         Reflect  .   m - +2 cloak {+Inv}
rCorr    .         Harm     .   R - +0 pair of gloves
MR       +++..                  N - +1 pair of boots
Stlth    ++........             u - amulet of regeneration
HPRegen  0.70/turn              v - +3 ring of protection
MPRegen  0.29/turn              I - +3 ring of intelligence

@: no status effects
A: no striking features
}: 2/15 runes: decaying, serpentine
a: Renounce Religion, Evoke Invisibility


You were on level 3 of the Vaults.
You worshipped Vehumet.
Vehumet was exalted by your worship.
You were not hungry.

You visited 7 branches of the dungeon, and saw 35 of its levels.
You also visited: Ice Cave.

You collected 3425 gold pieces.
You spent 1087 gold pieces at shops.

Inventory:

Hand Weapons
 a - a +4 scimitar of freezing
   (You took it off a wight on level 12 of the Dungeon)
 T - the +0 lajatang "Laocsoom" {freeze, rElec rF+ rC+ Int+2}
   (You found it on level 2 of the Vaults)

   It has been specially enchanted to freeze those struck by it, causing extra
   injury to most foes and up to half again as much damage against particularly
   susceptible opponents.
   It can also slow down cold-blooded creatures.
   It affects your intelligence (+2).
   It protects you from fire.
   It protects you from cold.
   It insulates you from electricity.
Missiles
 P - 28 javelins (quivered)
 Z - a throwing net
Armour
 m - a +2 cloak of invisibility (worn)
   (You took it off Crazy Yiuf on level 2 of the Dungeon)
 s - a +1 helmet (worn)
 D - a +1 robe of magic resistance (worn)
   (You took it off an orc sorcerer on level 2 of the Orcish Mines)
 J - +0 fire dragon scales
 N - a +1 pair of boots (worn)
 R - a +0 pair of gloves (worn)
 S - a +2 buckler (worn)
Magical Staves
 b - an uncursed staff of conjuration (weapon)
 n - an uncursed staff of energy
Jewellery
 f - an uncursed ring of protection from fire
 i - an uncursed ring of see invisible
 p - an uncursed ring of poison resistance
 u - an amulet of regeneration (around neck)
 v - a +3 ring of protection (left hand)
 C - an uncursed ring of resist corrosion
 F - an uncursed ring of flight
 I - a +3 ring of intelligence (right hand)
 V - a +2 ring of slaying
Wands
 e - a wand of clouds (15)
 l - a wand of scattershot (1)
 r - a wand of acid (11)
 x - a wand of paralysis (4)
 y - a wand of enslavement (21)
 K - a wand of digging (33)
Scrolls
 d - 5 scrolls of fear {!r}
 h - 20 scrolls of teleportation {!r}
 z - 3 scrolls of blinking
 B - 7 scrolls of remove curse
 G - 11 scrolls of identify
 H - a scroll of amnesia
 L - 7 scrolls of magic mapping {!r}
 Y - a scroll of enchant weapon
Potions
 g - 4 potions of berserk rage
 j - 17 potions of curing
 k - 5 potions of brilliance {!q}
 o - 3 potions of cancellation {!q}
 w - 6 potions of invisibility {!q}
 A - 5 potions of haste {!q}
 O - 2 potions of flight
 Q - 2 potions of might {!q}
 U - a potion of magic {!q}
 W - 9 potions of heal wounds {!q}
 X - a potion of agility {!q}
Miscellaneous
 q - a sack of spiders
 E - a box of beasts
Comestibles
 c - 51 rations
 t - 43 chunks of flesh


   Skills:
 - Level 12.0 Fighting
 - Level 12.0 Dodging
 - Level 2.4 Stealth
 - Level 4.0 Shields
 + Level 19.5 Spellcasting
 + Level 17.3 Conjurations
 - Level 13.1 Summonings
 - Level 2.3 Translocations
 - Level 11.0 Fire Magic
 - Level 16.0 Earth Magic
 - Level 12.0 Evocations


You had 20 spell levels left.
You knew the following spells:

 Your Spells              Type           Power        Failure   Level  Hunger
a - Flame Tongue          Conj/Fire      #####        0%          1    None
b - Throw Flame           Conj/Fire      ######       0%          2    None
c - Conjure Flame         Conj/Fire      ########     0%          3    None
d - Sticky Flame          Conj/Fire      ########     1%          4    None
e - Fireball              Conj/Fire      ########..   1%          5    None
f - Bolt of Fire          Conj/Fire      ########..   1%          6    None
m - Bolt of Magma         Conj/Fire/Erth ########..   1%          5    None
s - Lehudib's Crystal Sp  Conj/Erth      ########..   2%          8    #####..
A - Apportation           Tloc           #####.       1%          1    None
B - Summon Butterflies    Summ           #######.     0%          1    None
J - Blink                 Tloc           N/A          1%          2    None

Your spell library contained the following spells:

 Spells                   Type           Power        Failure   Level  Hunger
 Magic Dart               Conj           ####         0%          1    None
 Lightning Bolt           Conj/Air       #######...   1%          5    None
 Slow                     Hex            ####....     1%          2    None
 Confuse                  Hex            ####....     3%          3    None
 Invisibility             Hex            ####....     86%         6    None
 Throw Frost              Conj/Ice       ######       1%          2    None
 Freezing Cloud           Conj/Ice/Air   #######...   4%          6    None
 Mephitic Cloud           Conj/Pois/Air  #######.     1%          3    None
 Ring of Flames           Chrm/Fire      ######....   67%         7    ##.....
 Iskenderun's Mystic Bla  Conj           ########     0%          4    None
 Animate Dead             Necr           N/A          11%         4    None
 Pain                     Necr           ####         1%          1    None
 Animate Skeleton         Necr           N/A          1%          1    None
 Vampiric Draining        Necr           ####......   3%          3    None
 Freeze                   Ice            ####         1%          1    None
 Summon Ice Beast         Ice/Summ       ######..     1%          4    None
 Ozocubu's Armour         Chrm/Ice       ####....     3%          3    None
 Call Imp                 Summ           #######.     0%          2    None
 Regeneration             Chrm/Necr      ####......   3%          3    None
 Tukima's Dance           Hex            ####....     3%          3    None
 Statue Form              Tmut/Erth      ######...    6%          6    None
 Ice Form                 Ice/Tmut       ####....     11%         4    None
 Dragon Form              Tmut           ####......   100%        7    ##.....
 Throw Icicle             Conj/Ice       #######.     1%          4    None
 Ensorcelled Hibernation  Hex/Ice        ####..       1%          2    None
 Metabolic Englaciation   Hex/Ice        ####......   30%         5    None
 Shatter                  Erth           #######...   36%         9    ######.
 Static Discharge         Conj/Air       #######.     1%          3    None
 Corona                   Hex            ####...      1%          1    None
 Alistair's Intoxication  Tmut/Pois      ####....     30%         5    None
 Simulacrum               Ice/Necr       ####......   86%         6    None
 Tornado                  Air            ####......   100%        9    ######.
 Inner Flame              Hex/Fire       ######..     1%          3    None
 Fulminant Prism          Conj/Hex       #######...   1%          4    None
 Dazzling Spray           Conj/Hex       ######       1%          3    None
 Force Lance              Conj/Tloc      #######.     1%          4    None
 Searing Ray              Conj           ######       0%          2    None
 Hydra Form               Tmut           ####......   86%         6    None
 Irradiate                Conj/Tmut      #######...   1%          5    None
 Lesser Beckoning         Tloc           #####.....   1%          3    None
 Poisonous Vapours        Pois/Air       ####..       1%          2    None
 Ignition                 Fire           #######...   21%         8    #####..


Dungeon Overview and Level Annotations

Branches:
Dungeon (15/15)            Temple (1/1) D:4            Lair (6/6) D:11
  Swamp (4/4) Lair:4        Snake (4/4) Lair:4        Slime (0/5) Lair:5
    Orc (2/2) D:9             Elf (0/3) Orc:2        Vaults (3/5) D:14
  Crypt (0/3) Vaults:3     Depths (0/5) D:15

Altars:
Ashenzari
Cheibriados
Dithmenos
Elyvilon
Fedhas
Gozag
Hepliaklqana
Kikubaaqudgha
Makhleb
Nemelex Xobeh
Okawaru
Qazlal
Ru
Sif Muna
Trog
Uskayaw
Vehumet
Wu Jian
Xom
Yredelemnul
Zin
The Shining One
Beogh
Jiyva

Shops:
D:8 [   D:10 }   D:11 :%:   Orc:2 }*:(*   Snake:2 ?%!*:   Vaults:2 %

Annotations:
D:1 Terence


Message History

Vehumet accepts your kill.
You feel your power returning.
There is an open door here.
Found a stone staircase leading down.
HP restored.
There is an open door here.
There is an open door here.
You open the door. 2 yaktaurs and a yaktaur captain come into view.
The yaktaur shouts!
The yaktaur captain shouts!
The yaktaur shouts!
The yaktaur wields an arbalest.
The yaktaur shoots a bolt.
The bolt hits you!!
The yaktaur captain wields an arbalest.
The yaktaur captain shoots a bolt.
The bolt hits you!!!
* * * LOW HITPOINT WARNING * * *
The yaktaur wields an arbalest.
The yaktaur shoots a bolt.
The bolt closely misses you.
Damage: 71 (max 71) Unknown command.
Casting: Bolt of Fire (safe; 1% risk of failure)
Confirm with . or Enter, or press ? or * to list all spells.
Aiming: Fireball (safe; 1% risk of failure)
Press: ? - help, Shift-Dir - straight line You feel a surge of power!
The fireball explodes!
The fireball engulfs the yaktaur captain.
The yaktaur captain is heavily wounded.
The fireball engulfs the yaktaur.
The yaktaur is heavily wounded.
The fireball engulfs the yaktaur.
You kill the yaktaur!
Vehumet accepts your kill.
You feel your power returning.
You hear a shout!
The yaktaur shoots a bolt.
The bolt hits you!
* * * LOW HITPOINT WARNING * * *
Damage: 15 (max 71) Unknown command.
Casting: Fireball (safe; 1% risk of failure)
Confirm with . or Enter, or press ? or * to list all spells.
Aiming: Fireball (safe; 1% risk of failure)
Press: ? - help, Shift-Dir - straight line, f - yaktaur captain
Aim: a yaktaur captain, wielding an arbalest (heavily wounded)
You feel a surge of power!
The fireball explodes!
The fireball engulfs the yaktaur captain.
The yaktaur captain is almost dead.
The fireball engulfs the yaktaur.
You kill the yaktaur!
Vehumet accepts your kill.
You feel your power returning.
The yaktaur captain shoots a bolt.
The bolt hits you!!!
You die...

#...#..#.....#..#.
#...#.##.....##.#.
+...#>.#.....#..#. ##
+...#...........#. ##.
#...'....###....(.
##..)+...#.....#.....'.
##..c.#...#..........(#.
....).'...#############.
#@..# #. #..[# #.
################...########
##
...........................
...
....)......................
...
)).........................
...
################...########
### ...# #...# ...# #...#


You could see a yaktaur captain.

Vanquished Creatures
  Nikola (Snake:3)
  2 thorn hunters
  Kirke (Lair:5)
  A fire giant (D:15)
  5 frost giants
  6 nagarajas (Snake:4)
  8 vault wardens
  9 ironheart preservers
  A stone giant (Vaults:3)
  3 very ugly things (Swamp:4)
  2 green draconians (Swamp:1)
  An entropy weaver (Vaults:1)
  2 green deaths (Swamp:4)
  3 ettins
  6 death oozes
  4 yaktaur captains
  2 fire dragons (Vaults:1)
  Josephine (D:10)
  8 ogre magi
  2 hell beasts (Swamp:4)
  A rakshasa (Vaults:3)
  13 vault guards
  15 hydras
  2 great orbs of eyes
  16 naga warriors
  5 centaur warriors
  12 anacondas
  A catoblepas (Lair:2)
  2 ghost crabs
  6 death yaks
  A queen ant (shapeshifter) (Vaults:3)
  12 two-headed ogres
  14 alligators
  3 deep troll shamans
  A deep troll earth mage (Vaults:3)
  Urug (Lair:6)
  4 orc high priests (Orc:2)
  A thrashing horror (Swamp:4)
  15 naga sharpshooters
  5 shock serpents
  A deep elf knight (Vaults:3)
  7 unseen horrors
  3 salamander mystics
  9 naga ritualists
  A storm dragon skeleton (Vaults:3)
  4 deep trolls
  10 swamp dragons
  15 skeletal warriors
  A wizard (Vaults:3)
  A spriggan druid (Swamp:4)
  A sea snake (shapeshifter) (Vaults:2)
  A glowing orange brain (Vaults:1)
  10 ironbrand convokers
  A flayed ghost (Vaults:1)
  A shambling mangrove (Swamp:2)
  A harpy (shapeshifter) (Vaults:2)
  A lindwurm (Lair:6)
  2 sea snakes (Snake:1)
  5 harpies (Vaults:1)
  10 mana vipers
  A wolf spider zombie (D:14)
  3 orc sorcerers
  A glowing orange brain (shapeshifter) (Vaults:1)
  14 orc knights
  4 wolf spiders
  18 ugly things
  8 cyclopes
  A necromancer (Vaults:2)
  5 oklob plants
  15 salamanders
  A manticore (D:15)
  4 elephants (Lair:1)
  Maurice (Orc:2)
  5 guardian serpents
  31 black mambas
  A frost giant skeleton (Vaults:3)
  33 naga magi
  10 vault sentinels
  An eye of devastation (shapeshifter) (Vaults:3)
  A fire giant skeleton (Vaults:3)
  A torpor snail (shapeshifter) (Vaults:1)
  An ice statue (IceCv)
  2 rime drakes (Lair:6)
  A kobold demonologist (D:15)
  A spiny frog (shapeshifter) (Vaults:2)
  35 spiny frogs
  14 komodo dragons
  4 orange demons (Swamp:4)
  2 freezing wraiths (Vaults:3)
  11 yaktaurs
  A yaktaur skeleton (Vaults:3)
  17 polar bears
  3 meliai (D:15)
  A wind drake (shapeshifter) (Vaults:3)
  7 trolls
  9 tyrant leeches
  An ettin zombie (Vaults:2)
  Grinder (D:3)
  10 bog bodies
  6 hornets
  A polar bear (shapeshifter) (D:14)
  29 blink frogs
  42 slime creatures
  9 hippogriffs
  A fire giant simulacrum (Vaults:2)
  A frost giant simulacrum (Vaults:3)
  A hippogriff (shapeshifter) (Vaults:1)
  3 shadows
  A centaur simulacrum (D:14)
  3 spriggans (Swamp:2)
  59 yaks
  A vampire (D:12)
  7 wraiths
  A tarantella (shapeshifter) (D:13)
  2 wyverns
  A basilisk (shapeshifter) (Vaults:3)
  2 hogs (shapeshifter)
  A basilisk (Lair:6)
  2 hungry ghosts (D:11)
  16 vampire mosquitoes
  17 insubstantial wisps
  51 nagas
  Edmund (D:5)
  15 swamp worms
  5 wargs
  15 water moccasins
  5 porcupines
  7 swamp drakes
  27 orc warriors
  2 sky beasts
  7 ice beasts
  2 hornet zombies
  An ettin simulacrum (Vaults:1)
  7 black bears
  A phantom (D:12)
  5 boggarts (D:14)
  3 necrophages
  27 wolves
  An eye of draining (D:15)
  23 ogres
  An elf skeleton (Vaults:3)
  An orc skeleton (Vaults:2)
  11 crocodiles
  7 centaurs
  6 big kobolds
  29 bullfrogs
  4 human skeletons
  5 scorpions
  8 killer bees (D:8)
  6 wights
  3 howler monkeys
  3 electric eels
  6 crimson imps
  2 quasits
  5 centaur zombies
  7 jellies
  2 bullfrog zombies
  37 orc priests
  2 gnoll shamans
  29 orc wizards
  Crazy Yiuf (D:2)
  A bullfrog skeleton (D:12)
  7 hounds
  5 iguanas
  7 centaur skeletons
  Natasha (thrice) (D:2 D:4)
  12 worker ants
  2 human simulacra
  3 hound zombies
  A worker ant zombie (D:6)
  Robin (D:3)
  A howler monkey zombie (D:9)
  10 gnolls
  16 adders
  4 shadow imps
  7 oozes
  An adder zombie (D:5)
  2 adder skeletons (D:4)
  7 worms
  4 dart slugs
  5 leopard geckos
  86 orcs
  9 bats
  6 giant cockroaches
  18 goblins
  10 hobgoblins
  7 jackals
  25 kobolds
  3 quokkas
  3 ball pythons
  6 frilled lizards
  A jackal skeleton (D:6)
  A leopard gecko skeleton (D:7)
  9 rats
  4 plants
1436 creatures vanquished.

Vanquished Creatures (others)
  A human (Lair:6)
  A human simulacrum (D:10)
  A bush (Lair:6)
  57 fungi
  83 plants
143 creatures vanquished.

Grand Total: 1579 creatures vanquished

Notes
Turn   | Place    | Note
-------+----------+-------------------------------------------
     0 | D:1      | Gorice the Deep Elf Fire Elementalist began the quest for the Orb.
     0 | D:1      | Reached XP level 1. HP: 10/10 MP: 6/6
   327 | D:1      | Reached skill level 2 in Conjurations
   350 | D:1      | Reached XP level 2. HP: 15/15 MP: 5/8
   847 | D:1      | Reached skill level 3 in Conjurations
  1082 | D:1      | Reached XP level 3. HP: 19/19 MP: 7/9
  1237 | D:1      | Learned a level 2 spell: Throw Flame
  1293 | D:2      | Noticed Terence
  1351 | D:2      | Learned a level 3 spell: Conjure Flame
  2255 | D:2      | Reached XP level 4. HP: 24/24 MP: 6/10
  2290 | D:2      | Reached skill level 4 in Conjurations
  2556 | D:2      | Noticed Natasha
  2566 | D:2      | Killed Natasha
  2566 | D:2      | Reached skill level 4 in Fire Magic
  2626 | D:2      | Found a runed door.
  2630 | D:2      | Noticed Crazy Yiuf
  2634 | D:2      | Killed Crazy Yiuf
  2634 | D:2      | Reached XP level 5. HP: 28/28 MP: 4/11
  2981 | D:2      | Noticed Natasha
  2986 | D:2      | Killed Natasha
  2986 | D:2      | Reached skill level 5 in Conjurations
  3586 | D:3      | Reached skill level 5 in Fire Magic
  3586 | D:3      | Reached XP level 6. HP: 32/32 MP: 7/12
  3676 | D:3      | Noticed Robin
  3911 | D:3      | Killed Robin
  3999 | D:3      | Found a sacrificial altar of Ru.
  4054 | D:3      | Learned a level 4 spell: Sticky Flame
  4442 | D:3      | Noticed Grinder
  4487 | D:3      | Paralysed by Grinder for 6 turns
  4494 | D:3      | HP: 7/32 [Grinder (3)]
  4794 | D:3      | Killed Grinder
  4794 | D:3      | Reached skill level 6 in Conjurations
  4794 | D:3      | Reached skill level 6 in Fire Magic
  4794 | D:3      | Reached XP level 7. HP: 30/36 MP: 8/13
  5098 | D:4      | Noticed Natasha
  5105 | D:4      | Killed Natasha
  5496 | D:4      | Found a staircase to the Ecumenical Temple.
  5505 | Temple   | Entered the Ecumenical Temple
  5767 | D:4      | Found a basalt altar of Yredelemnul.
  5767 | D:4      | Found a radiant altar of Vehumet.
  5772 | D:4      | Reached skill level 7 in Fire Magic
  5818 | D:4      | Found a burning altar of Makhleb.
  5820 | D:4      | Found a hazy altar of Hepliaklqana.
  5823 | D:4      | Found an opulent altar of Gozag.
  5834 | D:4      | Became a worshipper of Vehumet
  6047 | D:4      | Reached skill level 7 in Conjurations
  6338 | D:5      | Entered Level 5 of the Dungeon
  6706 | D:5      | Found an ornate altar of the Wu Jian Council.
  6735 | D:5      | Found an ancient bone altar of Kikubaaqudgha.
  6735 | D:5      | Found a blossoming altar of Fedhas.
  6767 | D:5      | Noticed Edmund
  6790 | D:5      | Killed Edmund
  6790 | D:5      | Reached XP level 8. HP: 41/41 MP: 3/14
  7007 | D:5      | Found a deep blue altar of Sif Muna.
  7245 | D:6      | HP: 10/41 [something/magic dart (6)]
  7253 | D:6      | Reached skill level 8 in Fire Magic
  7310 | D:6      | Reached skill level 4 in Spellcasting
  7698 | D:6      | Reached * piety under Vehumet
  7698 | D:6      | Offered knowledge of Freeze by Vehumet.
  7709 | D:6      | Reached skill level 8 in Conjurations
  7814 | D:6      | Learned a level 5 spell: Fireball
  7850 | D:6      | Found a glowing golden altar of the Shining One.
  8083 | D:6      | Identified a scroll of acquirement
  8488 | D:7      | Reached skill level 5 in Spellcasting
  9242 | D:7      | Reached skill level 6 in Spellcasting
  9248 | D:7      | Found a stormy altar of Qazlal.
  9299 | D:8      | Reached skill level 9 in Fire Magic
  9299 | D:8      | Reached XP level 9. HP: 45/45 MP: 11/20
  9542 | D:8      | Reached skill level 9 in Conjurations
  9631 | D:8      | Reached ** piety under Vehumet
  9656 | D:8      | Upgraded the game from 0.23-a0-8-gb809bb7 to 0.23-a0-14-g8c9a20f
  9658 | D:8      | Offered knowledge of Shock by Vehumet.
  9721 | D:8      | Found Nedatael's Antique Armour Shop.
  9748 | D:8      | Bought a pair of glowing boots for 187 gold pieces
  9790 | D:8      | Reached skill level 7 in Spellcasting
 10077 | D:8      | Found a hide-covered altar of Uskayaw.
 10506 | D:8      | Reached skill level 8 in Spellcasting
 10586 | D:8      | Reached skill level 10 in Fire Magic
 10799 | D:8      | Reached skill level 10 in Conjurations
 11001 | D:9      | Offered knowledge of Stone Arrow by Vehumet.
 11007 | D:9      | Learned a level 4 spell: Iskenderun's Mystic Blast
 11351 | D:9      | Reached XP level 10. HP: 41/50 MP: 20/24
 11466 | D:9      | Reached skill level 9 in Spellcasting
 11499 | D:9      | Reached *** piety under Vehumet
 12059 | D:9      | Reached skill level 11 in Fire Magic
 12214 | D:9      | Reached skill level 10 in Spellcasting
 12218 | D:9      | Offered knowledge of Olgreb's Toxic Radiance by Vehumet.
 12318 | D:9      | Reached skill level 11 in Conjurations
 12752 | D:9      | Reached skill level 3 in Dodging
 12755 | D:9      | Found a staircase to the Orcish Mines.
 12915 | D:10     | Entered Level 10 of the Dungeon
 12918 | D:10     | Reached skill level 1 in Fighting
 12988 | D:10     | Reached **** piety under Vehumet
 13078 | D:10     | Offered knowledge of Lee's Rapid Deconstruction by Vehumet.
 13264 | D:10     | Noticed a two-headed ogre
 13282 | D:10     | Killed a two-headed ogre
 13282 | D:10     | Reached skill level 2 in Fighting
 13282 | D:10     | Reached skill level 4 in Dodging
 13282 | D:10     | Reached skill level 11 in Spellcasting
 13763 | D:10     | Noticed an unseen horror
 13764 | D:10     | Killed an unseen horror
 13764 | D:10     | Reached skill level 5 in Dodging
 13764 | D:10     | Reached XP level 11. HP: 36/59 MP: 17/28
 13936 | D:10     | Found Gyntol's Gadget Boutique.
 14291 | D:11     | Reached skill level 3 in Fighting
 14297 | D:11     | Found a bloodstained altar of Trog.
 14420 | D:11     | Found Kelior's Book Boutique.
 14597 | D:11     | Found a staircase to the Lair.
 14889 | D:11     | Noticed Josephine
 14994 | D:10     | HP: 7/60 [Josephine/ghostly fireball (20)]
 14995 | D:10     | Killed Josephine
 14995 | D:10     | Reached skill level 6 in Dodging
 15013 | D:10     | Learned a level 4 spell: Throw Icicle
 15099 | D:11     | Reached skill level 12 in Spellcasting
 15345 | D:11     | Reached skill level 4 in Fighting
 15429 | D:11     | Found Gurat's Book Shop.
 15450 | D:11     | Found Ryupn's Food Shop.
 15771 | D:11     | Reached skill level 7 in Dodging
 15985 | D:11     | Found a roughly hewn altar of Beogh.
 15985 | D:11     | Noticed an orc knight
 15990 | D:11     | Reached ***** piety under Vehumet
 15990 | D:11     | Offered knowledge of Bolt of Magma by Vehumet.
 15997 | D:11     | Killed an orc knight
 16078 | D:11     | Learned a level 5 spell: Bolt of Magma
 16460 | Lair:1   | Entered Level 1 of the Lair of Beasts
 16466 | D:11     | Reached skill level 5 in Fighting
 16599 | Lair:1   | HP: 11/63 [wolf (10)]
 16905 | Lair:1   | Reached skill level 8 in Dodging
 16984 | Lair:1   | Reached skill level 13 in Spellcasting
 17280 | Lair:1   | Reached XP level 12. HP: 68/68 MP: 21/31
 18148 | Lair:2   | Reached skill level 9 in Dodging
 18248 | Lair:2   | Reached skill level 6 in Fighting
 18799 | Lair:2   | Noticed a catoblepas
 18805 | Lair:2   | Killed a catoblepas
 18805 | Lair:2   | Noticed a six-headed hydra
 18808 | Lair:2   | Killed a six-headed hydra
 19122 | Lair:3   | Reached skill level 14 in Spellcasting
 19276 | Lair:3   | Noticed a six-headed hydra
 19281 | Lair:3   | Killed a six-headed hydra
 19281 | Lair:3   | Reached skill level 10 in Dodging
 19281 | Lair:3   | Reached skill level 1 in Evocations
 19568 | Lair:3   | Reached skill level 2 in Evocations
 19774 | Lair:3   | Reached skill level 7 in Fighting
 19868 | Lair:3   | Reached skill level 3 in Evocations
 20519 | Lair:3   | Reached skill level 4 in Evocations
 20799 | Lair:4   | Reached skill level 11 in Dodging
 20799 | Lair:4   | Reached skill level 5 in Evocations
 20838 | Lair:4   | Found a frozen archway.
 20863 | IceCv    | Entered an ice cave
 20925 | IceCv    | Reached XP level 13. HP: 73/76 MP: 27/33
 21175 | IceCv    | Reached skill level 6 in Evocations
 21481 | IceCv    | Offered knowledge of Bolt of Fire by Vehumet.
 21481 | IceCv    | Reached skill level 7 in Evocations
 21683 | IceCv    | Learned a level 6 spell: Bolt of Fire
 21926 | IceCv    | Reached skill level 8 in Evocations
 22194 | IceCv    | Noticed a frost giant
 22207 | IceCv    | Killed a frost giant
 22207 | IceCv    | Reached skill level 12 in Dodging
 22427 | IceCv    | Reached skill level 9 in Evocations
 22460 | IceCv    | Learned a level 1 spell: Summon Butterflies
 22462 | IceCv    | Learned a level 1 spell: Apportation
 22463 | IceCv    | Identified the Disquisition on Ice
 22856 | Lair:4   | Found a staircase to the Snake Pit.
 23066 | Lair:4   | HP: 22/78 [cloud of steam (10)]
 23220 | Lair:4   | Found a staircase to the Swamp.
 23925 | Lair:5   | Reached skill level 10 in Evocations
 24025 | Lair:5   | Reached skill level 8 in Fighting
 24237 | Lair:5   | Found a staircase to the Slime Pits.
 24653 | Lair:5   | Noticed Kirke
 24661 | Lair:5   | Killed Kirke
 24661 | Lair:5   | Reached skill level 11 in Evocations
 24661 | Lair:5   | Reached XP level 14. HP: 84/84 MP: 14/34
 24759 | Lair:5   | Offered knowledge of Spellforged Servitor by Vehumet.
 24868 | Lair:5   | Found an ancient bone altar of Kikubaaqudgha.
 24903 | Lair:5   | You fall through a shaft!
 24903 | Lair:6   | Entered Level 6 of the Lair of Beasts
 25469 | Lair:5   | Learned a level 7 spell: Spellforged Servitor
 25569 | Lair:5   | Reached skill level 12 in Evocations
 25598 | Lair:6   | Reached skill level 1 in Summonings
 25913 | Lair:5   | Reached skill level 9 in Fighting
 25968 | Lair:6   | Reached skill level 2 in Summonings
 25982 | Lair:6   | Reached skill level 3 in Summonings
 26446 | Lair:6   | Reached skill level 4 in Summonings
 26664 | Lair:6   | Reached skill level 5 in Summonings
 26933 | Lair:6   | Upgraded the game from 0.23-a0-14-g8c9a20f to 0.23-a0-29-g1be82e5
 26974 | Lair:6   | Noticed Urug
 27043 | Lair:6   | Reached skill level 10 in Fighting
 27043 | Lair:6   | Reached skill level 6 in Summonings
 27078 | Lair:6   | Killed Urug
 27483 | Lair:6   | Reached skill level 7 in Summonings
 27490 | Lair:6   | Offered knowledge of Irradiate by Vehumet.
 27872 | Lair:6   | Found a viscous altar of Jiyva.
 28063 | Lair:6   | Reached XP level 15. HP: 93/93 MP: 21/35
 28344 | Orc:1    | Entered Level 1 of the Orcish Mines
 28452 | Orc:2    | Entered Level 2 of the Orcish Mines
 28458 | Orc:2    | Found a staircase to the Elven Halls.
 28467 | Orc:2    | Noticed Maurice
 28471 | Orc:2    | Killed Maurice
 28503 | Orc:2    | Reached skill level 8 in Summonings
 28806 | Orc:2    | Found Ytydan's General Store.
 29058 | Orc:2    | Found a bloodstained altar of Trog.
 29411 | Orc:2    | Offered knowledge of Ozocubu's Refrigeration by Vehumet.
 29440 | Orc:2    | Reached skill level 11 in Fighting
 29734 | Orc:2    | Reached skill level 9 in Summonings
 30291 | Orc:2    | Found Qihor Seuv's Book Shop.
 30292 | Orc:2    | Found Sanut's Gadget Boutique.
 30293 | Orc:2    | Found Guxeirph's Assorted Antiques.
 30296 | Orc:2    | Found Tahuj's Antique Weapon Shop.
 30303 | Orc:2    | Bought a blackened gilded ring for 130 gold pieces
 30311 | Orc:2    | Bought a book of Minor Magic for 280 gold pieces
 30314 | Orc:2    | Learned a level 2 spell: Blink
 30762 | D:12     | Reached skill level 1 in Translocations
 31034 | D:12     | Found a basalt altar of Yredelemnul.
 31319 | D:12     | Reached skill level 2 in Translocations
 32643 | D:14     | Offered knowledge of Iron Shot by Vehumet.
 32722 | D:14     | Reached skill level 10 in Summonings
 32893 | D:14     | Found a glowing golden altar of the Shining One.
 33265 | D:14     | Found a gate to the Vaults.
 33603 | D:15     | Entered Level 15 of the Dungeon
 33667 | D:15     | Reached skill level 12 in Fighting
 33671 | D:15     | Reached skill level 11 in Summonings
 33733 | D:15     | Found a staircase to the Depths.
 33733 | D:15     | Noticed a fire giant
 33895 | D:15     | Killed a fire giant
 34298 | D:15     | Reached ****** piety under Vehumet
 35508 | Swamp:1  | Entered Level 1 of the Swamp
 35701 | Swamp:1  | Reached XP level 16. HP: 101/101 MP: 32/36
 35703 | Swamp:1  | Found the +8 storm bow {elec}
 35705 | Swamp:1  | Offered knowledge of Conjure Ball Lightning by Vehumet.
 36918 | Swamp:2  | Noticed a thorn hunter
 36920 | Swamp:2  | Killed a thorn hunter
 37095 | Swamp:2  | Identified the +8 scale mail of Bad Feelings {rElec MR+} (You found it on level 2 of the Swamp)
 37118 | Swamp:2  | Reached skill level 15 in Spellcasting
 37118 | Swamp:2  | Reached skill level 12 in Summonings
 37192 | Swamp:2  | Reached skill level 12 in Conjurations
 38204 | Swamp:3  | Reached skill level 1 in Shields
 39027 | Snake:1  | Entered Level 1 of the Snake Pit
 39049 | Snake:1  | Reached skill level 2 in Shields
 40281 | Snake:1  | Reached skill level 3 in Shields
 40965 | Snake:2  | Found Soxicej's Distillery.
 41013 | Snake:2  | Found Surunoowy's Food Boutique.
 41031 | Snake:2  | Bought a potion of heal wounds for 55 gold pieces
 41031 | Snake:2  | Bought a potion of haste for 110 gold pieces
 41031 | Snake:2  | Bought a potion of haste for 110 gold pieces
 41031 | Snake:2  | Bought a potion of haste for 110 gold pieces
 41091 | Snake:2  | Reached skill level 16 in Spellcasting
 41349 | Snake:2  | Found Byczoock's Book Shop.
 41382 | Snake:2  | Found Ymnov's General Store.
 41422 | Snake:2  | Bought a scroll of blinking for 105 gold pieces
 41444 | Snake:2  | Reached skill level 13 in Summonings
 41553 | Snake:2  | Reached skill level 13 in Conjurations
 41768 | Snake:2  | Reached skill level 4 in Shields
 41849 | Snake:2  | Reached XP level 17. HP: 106/106 MP: 29/39
 42132 | Snake:2  | Found Laoryz's Magic Scroll Boutique.
 42552 | Snake:2  | Offered knowledge of Lehudib's Crystal Spear by Vehumet.
 42552 | Snake:2  | Offered knowledge of Fire Storm by Vehumet.
 42552 | Snake:2  | Offered knowledge of Chain Lightning by Vehumet.
 42747 | Snake:3  | Reached skill level 1 in Earth Magic
 42903 | Snake:3  | Reached skill level 17 in Spellcasting
 43091 | Snake:3  | Reached skill level 2 in Earth Magic
 43345 | Snake:2  | Reached skill level 3 in Earth Magic
 43827 | Snake:3  | Reached skill level 4 in Earth Magic
 44509 | Swamp:4  | Entered Level 4 of the Swamp
 44738 | Swamp:4  | Reached skill level 5 in Earth Magic
 44998 | Swamp:4  | Reached skill level 6 in Earth Magic
 45492 | Swamp:4  | Reached skill level 7 in Earth Magic
 45729 | Swamp:4  | Reached skill level 14 in Conjurations
 45955 | Swamp:4  | Reached skill level 8 in Earth Magic
 45985 | Swamp:4  | Reached skill level 9 in Earth Magic
 45998 | Swamp:4  | Upgraded the game from 0.23-a0-29-g1be82e5 to 0.23-a0-32-g1388f29
 46239 | Swamp:4  | Got a decaying rune of Zot
 47030 | Snake:4  | Entered Level 4 of the Snake Pit
 47446 | Snake:4  | Reached skill level 10 in Earth Magic
 47446 | Snake:4  | Reached XP level 18. HP: 64/112 MP: 23/41
 47457 | Snake:4  | HP: 30/112 [naga sharpshooter/arrow (5)]
 47459 | Snake:3  | HP: 13/112 [mana viper (17)]
 47467 | Snake:3  | HP: 17/112 [poisoned by a naga ritualist (toxic radiance)]
 47632 | Snake:4  | Reached skill level 11 in Earth Magic
 48027 | Snake:4  | Reached skill level 15 in Conjurations
 48837 | Snake:4  | Reached skill level 12 in Earth Magic
 49313 | Snake:4  | Noticed Nikola
 49325 | Snake:3  | Killed Nikola
 49480 | Snake:4  | Identified the +2 leather armour of the Devil's Advocate {*Slow rC+ Dex+3} (You found it on level 4 of the Snake Pit)
 49509 | Snake:4  | Got a serpentine rune of Zot
 50340 | Vaults:1 | Entered Level 1 of the Vaults
 50485 | Vaults:1 | Reached skill level 13 in Earth Magic
 51668 | Vaults:1 | Reached skill level 16 in Conjurations
 51669 | Vaults:1 | Reached skill level 14 in Earth Magic
 51937 | Vaults:1 | Reached XP level 19. HP: 116/116 MP: 6/42
 52921 | Vaults:2 | Reached skill level 15 in Earth Magic
 53106 | Vaults:2 | Identified the +0 lajatang "Laocsoom" {freeze, rElec rF+ rC+ Int+2} (You found it on level 2 of the Vaults)
 53859 | Vaults:2 | HP: 14/116 [vault warden/dire flail of protection (35)]
 54247 | Vaults:2 | Reached skill level 16 in Earth Magic
 54424 | Vaults:2 | Reached skill level 18 in Spellcasting
 54611 | Vaults:2 | Found Roar Ziu's Food Emporium.
 56018 | Vaults:3 | Found a staircase to the Crypt.
 56691 | Vaults:3 | Reached skill level 19 in Spellcasting
 56695 | Vaults:3 | Reached skill level 17 in Conjurations
 56697 | Vaults:3 | Reached XP level 20. HP: 61/122 MP: 40/45
 56722 | Vaults:3 | Learned a level 8 spell: Lehudib's Crystal Spear
 56866 | Vaults:3 | HP: 30/122 [yaktaur/bolt[a yaktaur captain] (16)]
 56867 | Vaults:3 | Shot with a bolt by a yaktaur captain

Vault maps used:
D:1:      sevenhm_arrival_forest_fort_large_2, nrook_mini_backslash
D:2:      kennysheep_six_static_rooms, first_ration, uniq_natasha, uniq_terence,
          uniq_crazy_yiuf_cottage
D:3:      lemuel_round_altar, uniq_robin, uniq_grinder
D:4:      chequers_temple_overflow_minitemple, minmay_temple_entry_statues
D:5:      led_sif_pool, gammafunk_temple_overflow_forgotten, uniq_edmund
D:6:      kennysheep_mini
D:7:      marbit_many_paths
D:8:      black_bear_nest_1, kennysheep_mini_moat, serial_shops,
          nicolae_shop_window_shopping
D:9:      erik_orc_3
D:10:     serial_shops, shop, grunt_ogre_cave, bh_circular_ruins
D:11:     due_lair_maze_entry_diamond, special_room, basic_altar, serial_shops,
          nicolae_shop_stone, nicolae_shop_crystal, shop, grunt_ministairs_5,
          uniq_josephine
D:12:     yredelemnul_altar_generic
D:13:     lemuel_flamethrower_3
D:14:     erik_vaults_2, tso_altar
D:15:     grunt_enter_depths_giant_problem, minivault_4
Temple:   dpeg_three_leaves_temple
Lair:1:   lemuel_fruit_tree
Lair:3:   minmay_lair_oklob_chamber
Lair:4:   nicolae_swamp_entry_splash_gauntlet, guppyfry_snake_entry_garden,
          portal_ice_cave_entry_pillars_1
Lair:5:   minmay_slime_entry_oklob_enclosed, basic_altar,
          infiniplex_staircase_pool, grunt_megastairs_3, uniq_kirke
Lair:6:   minmay_lair_end_frog_pond, special_room, minivault_11, uniq_urug
Swamp:1:  evilmike_swamp_ruin_house_3, swamp_pool4, hangedman_swamp_dais
Swamp:2:  hangedman_swamp_ruin_wall
Swamp:3:  hangedman_swamp_cone
Swamp:4:  swamp_vile, swamp_pool2, infiniplex_staircase_pool_2
Snake:1:  nicolae_coiled_stairwell_down, grunt_megastairs_4
Snake:2:  serial_shops, nicolae_shop_stone, nicolae_shop_crystal,
          nicolae_shop_crystal, nicolae_shop_behind_doors,
          nicolae_shop_temple_entry_statues_fountains, st_stairs_13,
          nicolae_snake_salamander_stairs
Snake:4:  snake_pit, st_stairs_1, spider_trap, uniq_nikola
Orc:2:    st_orc_mages, serial_shops, shop, statue_in_the_mist_lemuel,
          nicolae_orc_bridge_out, bloody_trog, uniq_maurice
Vaults:1: nicolae_vaults_diagonal_hallway_7, nicolae_vaults_alarming,
          nicolae_vaults_shelves_hall, dpeg_vaults_monster_box,
          dpeg_vaults_monster_row, nicolae_vaults_shelves_hall,
          vaults_room_hangedman_quadrants, hangedman_vaults_locks,
          vaults_mumra_hex
Vaults:2: v_alt_pattern_2, v_misc_28, ontoclasm_vaults_pinch,
          nicolae_vaults_diagonal_hallway_7, grunt_vaults_hallway_long,
          v_rooms_2, vaults_dpeg_encased_lava, vaults_mumra_minichess,
          grunt_vaults_funnel, vaults_room_pools, vaults_room_hallway,
          ontoclasm_vaults_twist, hangedman_vaults_trim, serial_shops,
          shop_statue
Vaults:3: vaults_standard_mumra_enter_the_diamond, ontoclasm_vaults_eye,
          v_misc_8, hangedman_vaults_pinch, hangedman_vaults_maws,
          nicolae_vaults_three_branches, vaults_standard_mumra_x,
          minmay_crypt_entry_skeletal_spiral, dpeg_vaults_pockets_of_resistance,
          nicolae_vaults_little_squares_2
IceCv:    ice_cave_caverns_01

Skill      XL: |  1  2  3  4  5  6  7  8  9 10 11 12 13 14 15 16 17 18 19 |
---------------+----------------------------------------------------------+-----
Conjurations   | 2 3 4 5 6 7 8 10 11 13 14 16 17 | 17.3
Fire Magic     | 4 5 6 7 9 10 11 | 11.0
Spellcasting   | 6 8 11 13 14 16 17 19 | 19.5
Dodging        | 5 8 11 12 | 12.0
Fighting       | 2 5 7 8 10 12 | 12.0
Evocations     | 5 11 12 | 12.0
Summonings     | 7 11 13 | 13.1
Translocations | 2 |  2.3
Shields        | 4 |  4.0
Earth Magic    | 10 14 16 | 16.0
Stealth        | |  2.4

Action                   |  1- 3 |  4- 6 |  7- 9 | 10-12 | 13-15 | 16-18 | 19-21 || total
-------------------------+-------+-------+-------+-------+-------+-------+-------++-------
Melee: Unarmed           |     1 |       |       |       |       |       |       ||     1
       Dagger            |       |     8 |   272 |    91 |     1 |       |       ||   372
       Scimitar          |       |       |       |    90 |   235 |    78 |    17 ||   420
       Staff             |       |       |       |       |    23 |     1 |       ||    24
Throw: Javelin           |       |       |     2 |       |       |       |       ||     2
       Tomahawk          |       |       |       |     5 |       |       |       ||     5
 Cast: Flame Tongue      |    61 |    64 |    47 |    70 |    87 |    32 |     4 ||   365
       Throw Flame       |    19 |    50 |    83 |   186 |   169 |   136 |     9 ||   652
       Conjure Flame     |       |     3 |    14 |    53 |    92 |    19 |    11 ||   192
       Sticky Flame      |       |     2 |    32 |    81 |   136 |    66 |    15 ||   332
       Iskenderun's Myst |       |       |     3 |     2 |       |       |       ||     5
       Fireball          |       |       |       |    37 |    30 |   105 |    38 ||   210
       Bolt of Magma     |       |       |       |    13 |   160 |   228 |    42 ||   443
       Bolt of Fire      |       |       |       |       |    53 |   241 |   138 ||   432
       Blink             |       |       |       |       |       |     6 |     1 ||     7
       Apportation       |       |       |       |       |       |     2 |       ||     2
       Spellforged Servi |       |       |       |       |       |     1 |       ||     1
 Abil: Evoke Invisibilit |       |       |       |     1 |     5 |     1 |       ||     7
       Evoke Flight      |       |       |       |       |       |     1 |       ||     1
Evoke: Staff of energy   |       |       |       |       |     2 |       |     3 ||     5
       Wand              |       |       |       |       |     1 |     6 |     1 ||     8
  Use: Scroll            |     6 |     3 |    16 |    11 |    11 |     7 |     3 ||    57
       Potion            |     1 |     1 |     1 |       |       |     2 |       ||     5
 Stab: Distracted        |       |       |     2 |     1 |       |       |       ||     3
       Sleeping          |       |       |     2 |     3 |       |       |       ||     5
  Eat: Chunk             |     5 |     9 |    23 |    28 |    52 |    32 |    16 ||   165
       Ration            |       |       |     1 |     2 |     3 |    10 |       ||    16
Armor: Robe              |     1 |    12 |    89 |    40 |   139 |    63 |     7 ||   351
       Leather armour    |       |       |     1 |    54 |       |       |       ||    55
Dodge: Dodged            |    11 |    15 |   169 |   216 |   558 |   297 |    40 ||  1306
Block: Buckler           |       |       |       |       |       |   103 |    18 ||   121
       Rpst.: Long sword |       |     3 |       |       |       |       |       ||     3
       Scimitar          |       |       |       |    45 |    92 |    15 |     2 ||   154

Table legend:
 A = Spawn XP
 B = Non-spawn XP
 C = Spawn XP percentage of total XP
 D = Spawn monster count
 E = Non-spawn monster count
 F = Spawn count percentage of total count
 G = Total turns spent on level
                    A         B        C        D         E        F      G
               +---------+---------+-------+---------+---------+-------+---------
         Total |       0 |  489848 |   0.0 |       0 |    1432 |   0.0 | 56867
               +---------+---------+-------+---------+---------+-------+---------
           D:1 |       0 |      41 |   0.0 |       0 |      22 |   0.0 |  1534
           D:2 |       0 |     286 |   0.0 |       0 |      41 |   0.0 |  1996
           D:3 |       0 |     456 |   0.0 |       0 |      34 |   0.0 |  1556
           D:4 |       0 |     404 |   0.0 |       0 |      20 |   0.0 |  1168
           D:5 |       0 |     333 |   0.0 |       0 |       8 |   0.0 |   780
           D:6 |       0 |     571 |   0.0 |       0 |      22 |   0.0 |   988
           D:7 |       0 |     691 |   0.0 |       0 |      15 |   0.0 |  1217
           D:8 |       0 |    2147 |   0.0 |       0 |      39 |   0.0 |  1583
           D:9 |       0 |    3916 |   0.0 |       0 |      59 |   0.0 |  2083
          D:10 |       0 |    4220 |   0.0 |       0 |      27 |   0.0 |  1551
          D:11 |       0 |    5978 |   0.0 |       0 |      65 |   0.0 |  2457
          D:12 |       0 |    5474 |   0.0 |       0 |      30 |   0.0 |  1353
          D:13 |       0 |    3540 |   0.0 |       0 |      22 |   0.0 |   969
          D:14 |       0 |   11348 |   0.0 |       0 |      37 |   0.0 |  1072
          D:15 |       0 |   14632 |   0.0 |       0 |      43 |   0.0 |  1635
        Lair:1 |       0 |    4883 |   0.0 |       0 |      19 |   0.0 |  1784
        Lair:2 |       0 |    4835 |   0.0 |       0 |      14 |   0.0 |  1104
        Lair:3 |       0 |    8969 |   0.0 |       0 |      32 |   0.0 |  1910
        Lair:4 |       0 |    5074 |   0.0 |       0 |      21 |   0.0 |  1796
        Lair:5 |       0 |   17012 |   0.0 |       0 |      43 |   0.0 |  2065
        Lair:6 |       0 |   29351 |   0.0 |       0 |      96 |   0.0 |  1995
       Swamp:1 |       0 |   10580 |   0.0 |       0 |      20 |   0.0 |  1185
       Swamp:2 |       0 |   10687 |   0.0 |       0 |      24 |   0.0 |  1108
       Swamp:3 |       0 |   10453 |   0.0 |       0 |      33 |   0.0 |  1256
       Swamp:4 |       0 |   40507 |   0.0 |       0 |      75 |   0.0 |  1981
       Snake:1 |       0 |   19362 |   0.0 |       0 |      43 |   0.0 |  2290
       Snake:2 |       0 |   24441 |   0.0 |       0 |      45 |   0.0 |  1719
       Snake:3 |       0 |   22675 |   0.0 |       0 |      34 |   0.0 |  3187
       Snake:4 |       0 |   51759 |   0.0 |       0 |      87 |   0.0 |  1288
         Orc:1 |       0 |    1867 |   0.0 |       0 |      18 |   0.0 |   932
         Orc:2 |       0 |   10405 |   0.0 |       0 |      61 |   0.0 |  1114
      Vaults:1 |       0 |   42496 |   0.0 |       0 |      69 |   0.0 |  2565
      Vaults:2 |       0 |   48458 |   0.0 |       0 |      81 |   0.0 |  2402
      Vaults:3 |       0 |   57986 |   0.0 |       0 |      79 |   0.0 |  1323
         IceCv |       0 |   14011 |   0.0 |       0 |      54 |   0.0 |  1837
               +---------+---------+-------+---------+---------+-------+---------

Table legend:
 A = Turns spent in this place as a percentage of turns spent in the entire game.
 B = Non-inter-level travel turns spent in this place as a percentage of non-inter-level travel turns spent in the entire game.
 C = Inter-level travel turns spent in this place as a percentage of turns spent in this place.
 D = Turns resting spent in this place as a percentage of non-inter-level travel turns spent in this place.
 E = Turns spent auto-exploring this place as a percentage of non-inter-level travel turns spent in this place.
 F = Non-inter-level travel turns spent in this place divided by the number of levels of this place that you've seen.
                   A       B       C       D       E      F
               +-------+-------+-------+-------+-------+----------------------
         Total | 100.0 | 100.0 |   6.5 |  40.3 |  30.0 | 1477.2
       Dungeon |  38.6 |  38.7 |   6.2 |  33.5 |  38.2 | 1372.2
        Temple |   0.1 |   0.2 |   0.0 |   0.0 |  79.8 |  84.0
          Lair |  18.7 |  17.6 |  12.2 |  37.6 |  30.8 | 1559.5
         Swamp |   9.7 |  10.0 |   4.2 |  41.4 |  35.3 | 1324.8
     Snake Pit |  14.9 |  15.0 |   6.2 |  57.7 |  18.3 | 1990.2
  Orcish Mines |   3.6 |   3.7 |   4.2 |  31.6 |  15.0 | 980.5
        Vaults |  11.1 |  11.5 |   3.0 |  43.7 |  23.6 | 2033.0
      Ice Cave |   3.2 |   3.5 |   0.0 |  51.4 |   5.1 | 1837.0
               +-------+-------+-------+-------+-------+----------------------

Vault maps used:
D:1:      sevenhm_arrival_forest_fort_large_2, nrook_mini_backslash
D:2:      kennysheep_six_static_rooms, first_ration, uniq_natasha, uniq_terence,
          uniq_crazy_yiuf_cottage
D:3:      lemuel_round_altar, uniq_robin, uniq_grinder
D:4:      chequers_temple_overflow_minitemple, minmay_temple_entry_statues
D:5:      led_sif_pool, gammafunk_temple_overflow_forgotten, uniq_edmund
D:6:      kennysheep_mini
D:7:      marbit_many_paths
D:8:      black_bear_nest_1, kennysheep_mini_moat, serial_shops,
          nicolae_shop_window_shopping
D:9:      erik_orc_3
D:10:     serial_shops, shop, grunt_ogre_cave, bh_circular_ruins
D:11:     due_lair_maze_entry_diamond, special_room, basic_altar, serial_shops,
          nicolae_shop_stone, nicolae_shop_crystal, shop, grunt_ministairs_5,
          uniq_josephine
D:12:     yredelemnul_altar_generic
D:13:     lemuel_flamethrower_3
D:14:     erik_vaults_2, tso_altar
D:15:     grunt_enter_depths_giant_problem, minivault_4
Temple:   dpeg_three_leaves_temple
Lair:1:   lemuel_fruit_tree
Lair:3:   minmay_lair_oklob_chamber
Lair:4:   nicolae_swamp_entry_splash_gauntlet, guppyfry_snake_entry_garden,
          portal_ice_cave_entry_pillars_1
Lair:5:   minmay_slime_entry_oklob_enclosed, basic_altar,
          infiniplex_staircase_pool, grunt_megastairs_3, uniq_kirke
Lair:6:   minmay_lair_end_frog_pond, special_room, minivault_11, uniq_urug
Swamp:1:  evilmike_swamp_ruin_house_3, swamp_pool4, hangedman_swamp_dais
Swamp:2:  hangedman_swamp_ruin_wall
Swamp:3:  hangedman_swamp_cone
Swamp:4:  swamp_vile, swamp_pool2, infiniplex_staircase_pool_2
Snake:1:  nicolae_coiled_stairwell_down, grunt_megastairs_4
Snake:2:  serial_shops, nicolae_shop_stone, nicolae_shop_crystal,
          nicolae_shop_crystal, nicolae_shop_behind_doors,
          nicolae_shop_temple_entry_statues_fountains, st_stairs_13,
          nicolae_snake_salamander_stairs
Snake:4:  snake_pit, st_stairs_1, spider_trap, uniq_nikola
Orc:2:    st_orc_mages, serial_shops, shop, statue_in_the_mist_lemuel,
          nicolae_orc_bridge_out, bloody_trog, uniq_maurice
Vaults:1: nicolae_vaults_diagonal_hallway_7, nicolae_vaults_alarming,
          nicolae_vaults_shelves_hall, dpeg_vaults_monster_box,
          dpeg_vaults_monster_row, nicolae_vaults_shelves_hall,
          vaults_room_hangedman_quadrants, hangedman_vaults_locks,
          vaults_mumra_hex
Vaults:2: v_alt_pattern_2, v_misc_28, ontoclasm_vaults_pinch,
          nicolae_vaults_diagonal_hallway_7, grunt_vaults_hallway_long,
          v_rooms_2, vaults_dpeg_encased_lava, vaults_mumra_minichess,
          grunt_vaults_funnel, vaults_room_pools, vaults_room_hallway,
          ontoclasm_vaults_twist, hangedman_vaults_trim, serial_shops,
          shop_statue
Vaults:3: vaults_standard_mumra_enter_the_diamond, ontoclasm_vaults_eye,
          v_misc_8, hangedman_vaults_pinch, hangedman_vaults_maws,
          nicolae_vaults_three_branches, vaults_standard_mumra_x,
          minmay_crypt_entry_skeletal_spiral, dpeg_vaults_pockets_of_resistance,
          nicolae_vaults_little_squares_2
IceCv:    ice_cave_caverns_01
